 Dungeon Crawl Stone Soup version 0.28.0-45-g0d030f2227 (webtiles) character file.

Game seed: 10569002877324455297

19 101zpm the Skirmisher (level 2, -7/20 HPs)
             Began as a Gargoyle Fighter on Apr 9, 2022.
             Mangled by an iguana (11 damage)
             ... on level 5 of the Dungeon.
             The game lasted 00:01:51 (224 turns).

101zpm the Skirmisher (Gargoyle Fighter)             Turns: 224, Time: 00:01:51

Health: -7/20      AC:  9    Str: 19    XL:     2   Next: 75%
Magic:  2/2        EV:  9    Int:  8    God:
Gold:   28         SH:  4    Dex:  9    Spells: 1/1 levels left

rFire   . . .      SeeInvis .   a - +0 flail
rCold   . . .      Faith    .   c - +0 buckler
rNeg    + . .      Spirit   .   b - +0 scale mail
rPois   ∞          Reflect  .   (no helmet)
rElec   +          Harm     .   (no cloak)
rCorr   .          Rampage  .   (no gloves)
Will    .....                   (no boots)
Stlth   ..........              (no amulet)
HPRegen 0.06/turn               (no ring)
MPRegen 0.08/turn               (no ring)

@: no status effects
A: sickness immunity, AC +2, negative energy resistance 1, electricity
resistance, torment resistance 1, petrification resistance
a: no special abilities


You were on level 5 of the Dungeon.
You visited 1 branch of the dungeon, and saw 5 of its levels.

You collected 28 gold pieces.

Inventory:

Hand Weapons
 a - a +0 flail (weapon)
Armour
 b - a +0 scale mail (worn)
 c - a +0 buckler (worn)
Scrolls
 e - a scroll of identify {unknown}
Potions
 d - a potion of might
 f - a potion of attraction {unknown}
 g - 2 potions of mutation {unknown}
 h - a potion of haste {unknown}


   Skills:
 + Level 3.7 Fighting
 + Level 2.1 Maces & Flails
 + Level 3.4 Armour
 + Level 0.1 Dodging
 + Level 3.6 Shields


You had one spell level left.
You didn't know any spells.
Your spell library was empty.

Dungeon Overview and Level Annotations

Branches:
Dungeon (5/15)
 Temple: D:4-7

Altars:


Innate Abilities, Weirdness & Mutations

You are immune to sickness and miasma.
Your stone body is resilient. (AC +2)
You are immune to poison.
You resist negative energy. (rN+)
You are resistant to electric shocks. (rElec)
You are resistant to unholy torment.
You are immune to petrification.


Message History

You sock the giant cockroach!
You kill the giant cockroach!
There is an open door here.
Things that are here:
a giant cockroach corpse; a frilled lizard corpse; a bat corpse
Found a stone staircase leading down.
There is a stone staircase leading up here.
There is a stone staircase leading down here.
You climb downwards.
The ball python hisses angrily.
Found 26 arrows.
Found a stone staircase leading down.
There is a stone staircase leading up here.
You see here 26 arrows.
You sock the ball python!
You kill the ball python!
You see here a ball python corpse.
There is a stone staircase leading down here.
You climb downwards.
Found a purple potion.
There is a stone staircase leading up here.
h - a purple potion
Found a stone staircase leading down.
There is a stone staircase leading down here.
You climb downwards.
The iguana hisses angrily.
Found a purple potion and 8 gold pieces.
There is a stone staircase leading up here.
You closely miss the iguana. The iguana closely misses you.
The iguana misses you.
You completely miss the iguana. The iguana bites you.
You closely miss the iguana. The iguana bites you.
You sock the iguana!
The iguana is severely wounded.
The iguana bites you.
* * * LOW HITPOINT WARNING * * *
The iguana closely misses you.
There is a stone staircase leading up here.
The iguana bites you!
Ouch! That really hurt!
You die...

# # #.##.
.....#########
#..#.........
..........##
#..........#
#...###l##.###.
#......@...!..$
#..#######.####
#


You could see an iguana.

Vanquished Creatures
  A worm (D:2)
  3 ball pythons
  3 bats
  An endoplasm (D:1)
  3 giant cockroaches
  A goblin (D:1)
  A hobgoblin (D:1)
  A kobold (D:1)
  A frilled lizard (D:2)
15 creatures vanquished.

Notes
Turn   | Place    | Note
-------+----------+-------------------------------------------
     0 | D:1      | 101zpm the Gargoyle Fighter began the quest for the Orb.
     0 | D:1      | Reached XP level 1. HP: 14/14 MP: 1/1
    78 | D:1      | Reached XP level 2. HP: 9/19 MP: 2/2
   215 | D:5      | Entered Level 5 of the Dungeon
   224 | D:5      | Mangled by an iguana

Illustrated notes

Levels and vault maps discovered:
D:1:      amcnicky_arrival_underground_garden, layout_basic,
          dreamdust_ecumenical_altar_grove
D:2:      layout_basic, serial_forest, infiniplex_forest_zigzag_2,
          infiniplex_forest_zigzag_1, infiniplex_forest_clump_tiny,
          infiniplex_forest_fountain, serial_shops, nicolae_shop_trees,
          hangedman_glass_teeth
D:3:      layout_basic, serial_shops, shop, kennysheep_generic_room_12
D:4:      kennysheep_goblin_castle, layout_loops_ring,
          nicolae_gozag_seed_capital
D:5:      layout_basic, serial_shops, nicolae_stop_n_shop_2,
          chequers_serial_rivers_micro_c, uniq_blork_the_orc, uniq_eustachio,
          uniq_grinder

Action                   || total
-------------------------++-------
Melee: Flail             ||    53
Armor: Scale mail        ||    32
Dodge: Dodged            ||    32
Block: Buckler           ||     7
